 Dungeon Crawl Stone Soup version 0.25-a0-566-g062765be81 (webtiles) character file.

Game seed: 16745395297423541680, levelgen mode: deterministic

148 Flugslaktarn the Shield-Bearer (level 5, -1/49 HPs)
             Began as a Deep Dwarf Fighter on Feb 28, 2020.
             Slain by a wight
             ... wielding a +4 dire flail
              (6 damage)
             ... on level 4 of the Dungeon.
             The game lasted 00:00:23 (277 turns).

Flugslaktarn the Shield-Bearer (Deep Dwarf Fighter)  Turns: 277, Time: 00:00:24

Health: -1/49      AC:  7    Str: 21    XL:     5   Next: 8%
Magic:  3/3        EV:  7    Int:  8    God:
Gold:   0          SH:  9    Dex: 12    Spells: 4/4 levels left

rFire    . . .     SeeInvis .   a - +0 war axe
rCold    + . .     Gourm    .   g - +0 kite shield
rNeg     . . .     Faith    .   b - +0 scale mail
rPois    .         Spirit   .   (no helmet)
rElec    .         Reflect  .   (no cloak)
rCorr    .         Harm     .   (no gloves)
MR       .....                  (no boots)
Stlth    ..........             (no amulet)
HPRegen  0.00/turn              c - ring of protection from cold
MPRegen  0.08/turn              (no ring)

@: non-regenerating, lightly drained
A: damage resistance, heal wounds, sense surroundings 1, no regeneration
a: Heal Wounds


You were on level 4 of the Dungeon.
You were not hungry.

You visited 1 branch of the dungeon, and saw 4 of its levels.

Inventory:

Hand Weapons
 a - a +0 war axe (weapon)
Armour
 b - a +0 scale mail (worn)
 g - a +0 kite shield (worn)
Jewellery
 c - a ring of protection from cold (left hand)
   (You found it on level 2 of the Dungeon)
Scrolls
 h - a scroll of teleportation {unknown}
 i - 2 scrolls of identify {unknown}
Potions
 d - a potion of might
 f - a potion of degeneration {unknown}
Comestibles
 e - 2 rations
 j - 2 chunks of flesh


   Skills:
 + Level 3.3(3.0) Fighting
 * Level 4.0(3.7) Axes
 + Level 4.0(3.7) Armour
 + Level 4.1(3.8) Shields


You had 4 spell levels left.
You didn't know any spells.
Your spell library was empty.

Dungeon Overview and Level Annotations

Branches:
Dungeon (4/15)
 Temple: D:4-7

Altars:


Innate Abilities, Weirdness & Mutations

You are resistant to damage.
You can heal yourself by infusing magical energy.
You passively map a small area around you.
You do not regenerate.


Message History

You feel drained.
You hit the wight but do no damage.
The wight hits you with a +4 dire flail.
You closely miss the wight. The wight closely misses you.
You closely miss the wight. You barely miss the wight.
You block the wight's attack. The wight hits you but does no damage.
You barely miss the wight. You hit the wight but do no damage.
The wight hits you with a cursed +3 great sword.
The wight completely misses you.
Your shield and scale mail prevent you from hitting the wight.
You hit the wight but do no damage. The wight barely misses you.
The wight hits you with a cursed +3 great sword!!
* * * LOW HITPOINT WARNING * * *
You are too injured to fight recklessly!
You are too injured to fight recklessly!
You are too injured to fight recklessly!
You are too injured to fight recklessly!
You fail to use your ability.
The wight hits you with a +4 dire flail!
You die...

* *** .....#..##..## #
#..####......)....#.##
#..#.......#..........
..#.#####...<....#.##
...* #.#.###..#. * ,..
#....(...... * #.*
#.#.........#
,##z#####.#.#######.#
* #.z@.....#.# .#
#...####.##.#.# ##,*
#.##.#.# * *
#.##.#.#######. * *
#..............
##############. * * **
* , ** ** *


You could see 2 wights.

Vanquished Creatures
  An ogre (D:4)
  A jelly (D:4)
  3 adders
  A worm (D:2)
  2 ball pythons
  3 giant cockroaches
  A bat (D:3)
  A frilled lizard (D:3)
13 creatures vanquished.

Notes
Turn   | Place    | Note
-------+----------+-------------------------------------------
     0 | D:1      | Flugslaktarn the Deep Dwarf Fighter began the quest for the
                  | Orb.
     0 | D:1      | Reached XP level 1. HP: 20/20 MP: 1/1
   155 | D:2      | Reached XP level 2. HP: 18/27 MP: 2/2
   206 | D:4      | Reached XP level 3. HP: 34/34 MP: 2/2
   219 | D:4      | Noticed an ogre
   231 | D:4      | Reached XP level 4. HP: 38/42 MP: 2/2
   232 | D:4      | HP: 1/42 [ogre/+0 giant club (18)]
   240 | D:4      | Killed an ogre
   240 | D:4      | Reached XP level 5. HP: 32/49 MP: 3/3
   277 | D:4      | Slain by a wight

Levels and vault maps discovered:
D:1:      dpeg_cavernosity, layout_basic, hangedman_decor_growths,
          minmay_shallow_snake_nest
D:2:      layout_rooms, dk_noncrumbling_3, minmay_tromino_v2, uniq_jessica,
          uniq_natasha
D:3:      layout_rooms, tgw_trog, chequers_ecumenical_altar_simple
D:4:      layout_loops_ring, kennysheep_mini,
          chequers_temple_overflow_statue_of_worship, minmay_manual_monstrance

Skill      XL: |  1  2  3  4 |
---------------+-------------+-----
Fighting       | 3 |  3.3
Axes           | 3 4 |  4.0
Armour         | 4 |  4.0
Shields        | 4 |  4.1

Action                   |  1- 3 |  4- 6 || total
-------------------------+-------+-------++-------
Melee: War axe           |    38 |    11 ||    49
 Abil: Heal Wounds       |     3 |     2 ||     5
Armor: Scale mail        |    17 |     1 ||    18
Dodge: Dodged            |    11 |     6 ||    17
Block: Kite shield       |    17 |     2 ||    19

Table legend:
 A = Non-vault XP
 B = Vault XP
 C = Vault XP percentage of total XP
 D = Non-vault monster count
 E = Vault monster count
 F = Vault count percentage of total count
                 A         B        C        D         E       F
            +---------+---------+-------+---------+---------+-------
      Total |     167 |      45 |  21.2 |      11 |       2 |  15.4
            +---------+---------+-------+---------+---------+-------
        D:1 |       0 |       2 | 100.0 |       0 |       1 | 100.0
        D:2 |      36 |       0 |   0.0 |       5 |       0 |   0.0
        D:3 |       2 |       0 |   0.0 |       2 |       0 |   0.0
        D:4 |     129 |      43 |  25.0 |       4 |       1 |  20.0
            +---------+---------+-------+---------+---------+-------
